Map: Invader LE

Players

etniopal

  • Race: Zerg Zerg
  • League: Gold
  • Spawn Location: 5:00

Pinsa - Winner!

  • Race: Protoss Protoss
  • Spawn Location: 7:00

VOD

Have the link to the VOD?

Description

Time

  • Played on: April 5, 2016, 9:51 p.m.
  • Length: 13:54
Show
View Real Time Build Order
Export as new Build Order

etniopal Zerg 

Build Orders: Hatch First 

Get SALT Encoding   

  12  0:01  Drone  
  13  0:08  Drone  
  14  0:18  Overlord  
  14  0:23  Extractor  
  14  0:24  Drone  
  15  0:37  Drone x2  
  17  0:58  Drone  
  17  0:59  Hatchery  
  17  1:03  Drone  
  18  1:07  Extractor  
  18  1:09  Drone  
  18  1:21  Spawning Pool  
  18  1:25  Drone  
  18  1:33  Drone  
  19  1:49  Drone x2  
  21  2:00  Overlord  
  21  2:08  Metabolic Boost  
  21  2:10  Queen  
  21  2:12  Queen  
  26  2:15  Drone x2  
  27  2:29  Drone x2  
  29  2:31  Spine Crawler  
  29  2:35  Overlord  
  29  2:36  Drone  
  29  2:54  Drone x2  
  29  2:55  Drone x2  
  33  2:59  Lair  
  33  3:05  Zergling x4  
  35  3:26  Zergling x2  
  35  3:27  Zergling x14  
  43  3:34  Roach Warren  
  42  3:36  Drone  
  42  3:37  Extractor, Drone  
  41  4:06  Spore Crawler  
  40  4:14  Spore Crawler  
  40  4:15  Glial Reconstitution  
  39  4:17  Roach  
  39  4:18  Roach  
  39  4:21  Overlord x3  
  43  4:26  Overlord x3  
  43  4:39  Queen  
  45  4:49  Roach x7  
  59  4:54  Drone  
  59  4:59  Drone  
  61  5:00  Drone x2  
  61  5:01  Drone  
  64  5:12  Drone x2  
  64  5:13  Drone x2  
  68  5:15  Drone  
  69  5:46  Spore Crawler  
  68  5:52  Roach  
  68  5:53  Roach x7  
  68  5:54  Hydralisk Den  
  84  6:04  Drone  
  84  6:06  Overlord x3  
  78  6:20  Drone  
  78  6:21  Drone  
  76  6:37  Queen  
  78  6:41  Hydralisk  
  78  6:42  Hydralisk x6  
  78  6:43  Zergling x2  
  93  6:58  Extractor  
  93  7:00  Overlord, Extractor  
  93  7:01  Overlord x2  
  91  7:19  Drone x2  
  91  7:20  Drone  
  92  7:46  Pneumatized Carapace  
  92  7:49  Drone x3  
  95  7:52  Drone x3  
  95  7:53  Drone x2  
  95  7:55  Overlord x2  
  95  7:56  Overlord  
  100  8:29  Roach, Hydralisk  
  100  8:30  Hydralisk x8  
  117  8:56  Roach  
  117  8:57  Roach x2, Zergling x2  
  117  9:00  Overlord x3  
  117  9:01  Overlord  
  124  9:16  Hatchery  
  123  9:17  Overlord x3  
  123  9:18  Overlord  
  123  9:21  Roach x4  
  123  9:22  Roach  
  133  9:29  Muscular Augments  
  133  10:14  Roach x9  
  135  10:15  Roach x6  
  135  10:19  Overlord  
  163  10:31  Evolution Chamber  
  163  10:33  Evolution Chamber  
  161  10:55  Spore Crawler x2  
  161  10:56  Hydralisk x5  
  114  11:41  Hydralisk x10  
  114  11:43  Zergling x2  
  133  11:47  Drone  
  133  11:48  Drone  
  77  12:13  Drone x3  
  77  12:14  Drone x3  
  75  12:18  Roach  
  75  12:19  Zergling x2  
  78  12:55  Roach x6  
  78  12:56  Roach x5  
  100  12:59  Drone x2  
  80  13:20  Roach, Zergling x4  
  80  13:21  Zergling x12  
Show
View Real Time Build Order
Export as new Build Order

Pinsa Protoss - Winner!

Build Orders: Phoenix Opening 

Get SALT Encoding   

  12  0:01  Probe (Chrono Boost)  
  13  0:11  Probe (Chrono Boost)  
  14  0:19  Pylon  
  14  0:22  Probe (Chrono Boost)  
  15  0:37  Probe (Chrono Boost)  
  15  0:38  Gateway  
  16  0:47  Probe (Chrono Boost)  
  17  0:54  Assimilator  
  17  0:55  Assimilator  
  17  0:58  Probe (Chrono Boost)  
  18  1:08  Probe (Chrono Boost)  
  19  1:19  Probe (Chrono Boost)  
  20  1:26  Cybernetics Core  
  20  1:29  Probe (Chrono Boost)  
  21  1:35  Pylon  
  21  1:40  Probe (Chrono Boost)  
  22  1:50  Probe (Chrono Boost)  
  24  2:01  Probe (Chrono Boost)  
  24  2:03  Warp Gate  
  24  2:09  Adept  
  24  2:12  Mothership Core (Chrono Boost)  
  28  2:21  Nexus  
  28  2:30  Stargate  
  28  2:35  Probe (Chrono Boost)  
  29  2:45  Probe (Chrono Boost)  
  30  2:56  Probe (Chrono Boost)  
  31  3:05  Pylon  
  31  3:23  Sentry, Phoenix (Chrono Boost), Probe  
  31  3:25  Forge  
  36  3:27  Gateway  
  36  3:35  Probe  
  36  3:40  Probe  
  37  3:47  Probe  
  39  3:53  Gateway  
  39  3:55  Gateway  
  37  4:02  Photon Cannon  
  37  4:04  Photon Cannon  
  37  4:06  Probe  
  38  4:11  Probe  
  38  4:18  Probe  
  38  4:22  Probe  
  40  4:24  Gateway  
  40  4:30  Sentry, Probe  
  43  4:34  Pylon  
  43  4:36  Assimilator, Probe  
  44  4:38  Assimilator  
  44  4:42  Probe  
  47  4:46  Phoenix (Chrono Boost)  
  47  4:48  Probe, Protoss Ground Weapons Level 1 (Chrono Boost)  
  48  4:54  Probe  
  49  5:04  Probe  
  49  5:06  Probe  
  51  5:07  Phoenix (Chrono Boost)  
  51  5:08  Adept x2  
  57  5:14  Probe  
  57  5:17  Pylon  
  57  5:19  Probe  
  57  5:20  Pylon  
  59  5:25  Probe  
  59  5:28  Phoenix (Chrono Boost)  
  60  5:35  Probe  
  63  5:37  Robotics Facility  
  63  5:45  Probe  
  63  5:47  Phoenix, Probe  
  65  5:50  Adept  
  69  5:58  Probe  
  69  5:59  Probe  
  69  6:01  Pylon  
  71  6:09  Phoenix  
  71  6:16  Adept x2  
  77  6:23  Probe x2  
  77  6:24  Pylon  
  79  6:26  Pylon  
  78  6:33  Adept x2  
  78  6:36  Sentry  
  78  6:38  Probe x2  
  78  6:39  Phoenix  
  84  6:44  Protoss Ground Armor Level 1 (Chrono Boost)  
  86  6:51  Observer  
  86  6:52  Probe x2  
  89  6:55  Twilight Council  
  89  7:09  Adept x2  
  89  7:13  Nexus  
  89  7:14  Probe x2  
  95  7:16  Pylon  
  95  7:17  Pylon  
  95  7:18  Immortal (Chrono Boost)  
  99  7:34  Void Ray  
  99  7:36  Adept x3  
  109  7:39  Probe x2  
  111  7:45  Resonating Glaives  
  111  8:04  Pylon  
  109  8:08  Immortal (Chrono Boost)  
  113  8:14  Robotics Bay, Protoss Ground Weapons Level 2  
  113  8:17  Pylon  
  113  8:19  Pylon  
  113  8:24  Photon Cannon  
  113  8:26  Probe  
  113  8:27  Probe  
  115  8:30  Gateway  
  115  8:33  Gateway  
  115  8:35  Probe  
  115  8:37  Pylon  
  115  8:38  Probe  
  115  8:39  Probe  
  116  8:52  Probe  
  116  8:53  Probe  
  116  8:54  Probe  
  119  8:56  Assimilator x2  
  119  9:03  Pylon  
  119  9:04  Disruptor (Chrono Boost), Pylon  
  119  9:09  Pylon  
  122  9:13  Void Ray (Chrono Boost)  
  126  9:33  Disruptor (Chrono Boost)  
  126  9:34  Nexus  
  126  9:38  Pylon  
  129  9:39  Pylon  
  129  9:43  Stalker x6  
  141  9:46  Blink  
  139  9:56  Void Ray (Chrono Boost)  
  143  10:01  Disruptor  
  146  10:15  Gateway  
  146  10:16  Gateway  
  146  10:18  Gateway  
  146  10:22  Gateway  
  146  10:25  Zealot  
  148  10:32  Disruptor  
  148  10:34  Void Ray (Chrono Boost), Templar Archives  
  155  10:43  Dark Shrine  
  155  10:45  Stalker x3  
  155  10:46  Stalker x2, Pylon  
  165  10:59  Assimilator  
  165  11:01  Assimilator  
  165  11:03  Disruptor  
  165  11:06  Protoss Ground Weapons Level 3  
  153  11:19  Stalker x6  
  165  11:26  Void Ray (Chrono Boost)  
  169  11:35  Warp Prism  
  169  11:38  Pylon  
  169  11:42  Stalker x2  
  169  11:43  Stalker x2  
  179  11:54  Zealot x4  
  167  12:14  High Templar x4  
  175  12:19  Archon x2  
  175  12:22  Stalker x5  
  185  12:32  Probe x3  
  188  12:39  Disruptor  
  188  12:46  Void Ray (Chrono Boost)  
  195  13:12  Dark Templar x2  
  183  13:53  Stargate  
Tags
 
Add a new tag
Caveats
  • Supply blocks, unpowered buildings, or Contaminate may cause inaccurate times.
  • Supply counts are checked every 10 seconds.